 Dungeon Crawl Stone Soup version 0.30-a0-469-g84de5afbc5 (webtiles) character file.

Game seed: 16164047763554065146

818 kae the Conjurer (level 7, -1/36 HPs)
             Began as a Tengu Fire Elementalist on Dec 19, 2022.
             Slain by an elf zombie (5 damage)
             ... in an ossuary.
             The game lasted 00:04:56 (5314 turns).

kae the Conjurer (Tengu Fire Elementalist)          Turns: 5314, Time: 00:04:56

Health: -1/36      AC:  3    Str:  8    XL:     7   Next: 94%
Magic:  3/15       EV: 14    Int: 18    God:
Gold:   125        SH:  0    Dex: 14    Spells: 5/15 levels left

rFire   . . .      SeeInvis .    k - +4 falchion
rCold   . . .      Faith    .    (no shield)
rNeg    . . .      Spirit   .    a - +1 robe
rPois   .          Reflect  .    (helmet restricted)
rElec   .          Harm     .    (no cloak)
rCorr   +          Rampage  .    (no gloves)
Will    +....                    (boots unavailable)
Stlth   ++........               (no amulet)
HPRegen 0.26/turn                e - ring of willpower
MPRegen 0.14/turn                R - ring of resist corrosion

@: flying quickly and evasively, quick
A: beak, talons 3, nimble flight
a: no special abilities


You were in an ossuary.
You visited 1 branch of the dungeon, and saw 5 of its levels.
You also visited: Ossuary.

You collected 125 gold pieces.


Innate Abilities, Weirdness & Mutations

You have a beak for a mouth.
You have claws for feet.
Your magical nature lets you fly swiftly and evasively.


   Skills:
 - Level 2.1 Dodging
 - Level 2.0 Stealth
 + Level 4.9 Spellcasting
 + Level 6.5 Conjurations
 + Level 6.3 Fire Magic


You had 5 spell levels left.
You knew the following spells:

 Your Spells              Type           Power      Damage    Failure   Level
a - Foxfire               Conj/Fire      100%       2x1d9     1%          1
b - Scorch                Fire           54%        2d7       1%          2
c - Inner Flame           Hex/Fire       15%        N/A       11%         3
d - Flame Wave            Conj/Fire      27%        2d9       10%         4

Your spell library contained the following spells:

 Spells                   Type           Power      Damage    Failure   Level
 Kindle Blastsparks       Fire/Tloc/Air  24%        2d12      17%         3
 Blink                    Tloc           8%         N/A       21%         2
 Manifold Assault         Tloc           4%         N/A       80%         4
 Storm Form               Tmut/Air       2%         N/A       100%        7

Inventory:

Hand Weapons
 d - a +0 whip of draining
   (You took it off a kobold on level 2 of the Dungeon)
 k - a +4 falchion (weapon)
   (You took it off an orc on level 2 of the Dungeon)
 p - a +0 rapier
   (You found it on level 3 of the Dungeon)
Missiles
 f - 43 stones
 n - 2 poisoned darts
 t - 2 javelins
 u - 3 boomerangs
Armour
 a - a +1 robe (worn)
 r - the +0 leather armour of Unotolom {*Corrode rPois rC++ Str+4}
   (You found it on level 5 of the Dungeon)

   Str:       It affects your strength (+4).
   rC:        It greatly protects you from cold.
   rPois:     It protects you from poison.
   *Corrode:  It may corrode you when you take damage.
Magical Staves
 j - a staff of earth {!a}
   (You found it on level 2 of the Dungeon)
Jewellery
 e - a ring of willpower (left hand)
   (You found it on level 1 of the Dungeon)
 F - a ring of protection from fire
   (You found it on level 4 of the Dungeon)
 R - a ring of resist corrosion (right hand)
   (You found it on level 3 of the Dungeon)
Scrolls
 m - 2 scrolls of fear
 q - a scroll of teleportation {@r4}
Potions
 b - a potion of magic
 c - 2 potions of haste {@q3}
 g - 2 potions of curing {@q1}
 h - a potion of brilliance
 i - 2 potions of might
 l - 3 potions of degeneration {unknown}
 o - a potion of berserk rage {unknown}
 s - a potion of lignification {unknown}

Dungeon Overview and Level Annotations

Branches:
Dungeon (5/15) Zot: 24825 Ossuary (1/1) Zot: 5982
 Temple: D:4-7

Altars:

Shops:
D:2 (

Annotations:
D:5 2 transporters, Dowan; Duvessa; Sapher's ghost, weakling DEEE

### ###.###
##.....##
#.......#
#...@Z..#
#..Z.Z..#
##.....##
###.### #'#
###.###
##.....##
#.......#
##...∩...##


You could see 3 elf zombies.


Message History

You hear the brisk hiss of an avalanche of sand nearby.
There is a stone staircase leading up, spattered with blood here.
Unknown command.
Unknown command.
s - a fizzy white potion
Found a sand-covered staircase.
There is a sand-covered staircase here.
The world spins around you as you enter the gateway.
You enter an ossuary!
Found four gates leading back out of this place.
There is an empty arch of ancient stone here.
Unknown command.
There is a gate leading back out of this place here.
You reach down and open the door.
A mummy, a centaur zombie and an elf zombie come into view.
There is an open door here.
There are monsters nearby!
There are monsters nearby! 2 elf zombies come into view.
The centaur zombie closely misses you. The centaur zombie kicks you. 😕 HP[-1]
You take 1 damage, and now have 35/36 hp.
The mummy misses you. The elf zombie misses you.
You hit the mummy. You claw the mummy. You peck the mummy, but do no damage.
The centaur zombie closely misses you. The centaur zombie misses you.
The centaur zombie hits you but does no damage.
The centaur zombie kicks you but does no damage.
The elf zombie closely misses you. The elf zombie barely misses you.
The mummy completely misses you. 😎 HP[+1]
Your hp is fully restored (36).
Casting: Foxfire (safe; 1% risk of failure)
Confirm with . or Enter, or press ? or * to list all spells.
The spell is quite dangerous to miscast (10% risk of failure)!
Continue anyway?
Okay, then.
Casting: Flame Wave (quite dangerous; 10% risk of failure)
Confirm with . or Enter, or press ? or * to list all spells.
The spell is quite dangerous to miscast (10% risk of failure)!
Continue anyway?
Casting: Flame Wave (quite dangerous; 10% risk of failure)
Press: ? - help, Dir - look around, f - activate A wave of flame ripples out!
The flame wave engulfs the elf zombie!
The flame wave engulfs the elf zombie.
The flame wave engulfs the mummy!
The mummy is burned terribly!
You destroy the mummy!
The flame wave engulfs the centaur zombie!
The flame wave engulfs the elf zombie! (Press . to intensify the flame waves.)
The centaur zombie hits you but does no damage.
The centaur zombie closely misses you.
The elf zombie hits you. x3 😮 HP[-11] MP[-4]
You take 11 damage, and now have 25/36 hp.
MASSIVE DAMAGE!! (PAUSE)
You lost 4 mp, and now have 11/15 mp.
A wave of flame ripples out!
The flame wave engulfs the elf zombie! x2
The flame wave engulfs the centaur zombie!
The flame wave engulfs the elf zombie!
The centaur zombie hits you. The centaur zombie closely misses you.
The centaur zombie hits you but does no damage.
The centaur zombie kicks you but does no damage.
The elf zombie hits you. 😮 HP[-6] MP[-1]
You take 6 damage, and now have 19/36 hp.
You lost 1 mp, and now have 10/15 mp.
A wave of flame ripples out!
The flame wave engulfs the elf zombie! x2
The flame wave engulfs the centaur zombie!
You destroy the centaur zombie!
The flame wave engulfs the elf zombie!
You finish channelling waves of flame.
The elf zombie closely misses you. The elf zombie hits you.
* * * LOW HITPOINT WARNING * * *
The elf zombie hits you.
* * * LOW HITPOINT WARNING * * *
Unknown command. 😨 HP[-4] MP[-1]
You take 4 damage, and now have 15/36 hp.
You lost 1 mp, and now have 9/15 mp.
Casting: Flame Wave (quite dangerous; 10% risk of failure)
Confirm with . or Enter, or press ? or * to list all spells.
The spell is quite dangerous to miscast (10% risk of failure)!
Continue anyway?
Casting: Flame Wave (quite dangerous; 10% risk of failure)
Press: ? - help, Dir - look around, f - activate A wave of flame ripples out!
The flame wave engulfs the elf zombie! x3 (Press . to intensify the flame waves.)
The elf zombie closely misses you. The elf zombie hits you.
* * * LOW HITPOINT WARNING * * *
😨 HP[-5] MP[-4]
You take 5 damage, and now have 10/36 hp.
You lost 4 mp, and now have 5/15 mp.
A wave of flame ripples out!
The flame wave engulfs the elf zombie! x3
The elf zombie hits you.
* * * LOW HITPOINT WARNING * * *
The elf zombie hits you but does no damage.
The elf zombie barely misses you. 😱 HP[-6] MP[-1]
You take 6 damage, and now have 4/36 hp.
You lost 1 mp, and now have 4/15 mp.
A wave of flame ripples out!
The flame wave engulfs the elf zombie.
The flame wave engulfs the elf zombie!
The flame wave engulfs the elf zombie.
You finish channelling waves of flame.
The elf zombie misses you. The elf zombie hits you.
You die...

Skill      XL: |  1  2  3  4  5  6  7 |
---------------+----------------------+-----
Conjurations   | 2 3 4 5 6 |  6.5
Fire Magic     | 4 5 6 |  6.3
Spellcasting   | 3 4 |  4.9
Dodging        | |  2.1
Stealth        | |  2.0

Action                   |  1- 3 |  4- 6 |  7- 9 || total
-------------------------+-------+-------+-------++-------
Melee: Whip              |       |    47 |       ||    47
       Kick              |       |    28 |     1 ||    29
       Peck              |       |    19 |     1 ||    20
       Falchion          |       |       |     1 ||     1
 Cast: Foxfire           |    49 |    67 |    34 ||   150
       Scorch            |     2 |    18 |     7 ||    27
       Inner Flame       |       |     1 |       ||     1
       Flame Wave        |       |       |     2 ||     2
  Use: Scroll            |     3 |     5 |     2 ||    10
Armor: Robe              |     1 |     2 |     6 ||     9
Dodge: Dodged            |     6 |     9 |    17 ||    32

Levels and vault maps discovered:
D:1:      scummos_arrival_forest, layout_loops_ring
D:2:      layout_basic, serial_shops, nicolae_shop_bloodbath_and_beyond,
          shapermc_ecumenical_altar_flowoftime, serial_park_tiny_2,
          nicolae_underground_beach
D:3:      layout_rooms, kennysheep_big_empty_room
D:4:      layout_loops_corners, uniq_grinder
D:5:      layout_gridville, gammafunk_ghost_arena, cheibrodos_sewer_entry_drain,
          nicolae_ossuary_entry_ruins, uniq_sigmund, uniq_eustachio,
          uniq_duvessa, uniq_menkaure
Ossuary:  ossuary_minmay_four_chambers

Notes
Turn   | Place    | Note
-------+----------+-------------------------------------------
     0 | D:1      | kae the Tengu Fire Elementalist began the quest for the
                  | Orb.
     0 | D:1      | Reached XP level 1. HP: 10/10 MP: 4/4
     0 | D:1      | magus.rc [v1.11.3]
   191 | D:1      | Reached XP level 2. HP: 15/15 MP: 3/6
   195 | D:1      | Reached skill level 2 in Conjurations
   801 | D:1      | Learned a level 2 spell: Scorch
   987 | D:2      | Reached XP level 3. HP: 7/19 MP: 2/7
  1056 | D:2      | Found Bauroepp's Weapon Shoppe.
  1191 | D:2      | Reached skill level 4 in Fire Magic
  1198 | D:2      | Reached skill level 3 in Conjurations
  1198 | D:2      | Reached XP level 4. HP: 16/24 MP: 0/9
  1842 | D:2      | Found a faded altar of an unknown god.
  2142 | D:3      | Learned a level 3 spell: Inner Flame
  2281 | D:3      | Reached skill level 3 in Spellcasting
  2875 | D:3      | Gained mutation: Your magical nature lets you fly swiftly
                  | and evasively. [Tengu growth]
  2875 | D:3      | Reached XP level 5. HP: 28/28 MP: 6/10
  3129 | D:4      | HP: 6/28 [orc/+0 dagger (3)]
  3138 | D:2      | HP: 4/28 [orc/+4 falchion (4)]
  3272 | D:4      | Reached skill level 4 in Conjurations
  3689 | D:4      | Reached XP level 6. HP: 14/32 MP: 5/12
  3776 | D:4      | Noticed Grinder
  3785 | D:4      | Killed Grinder
  3786 | D:4      | Reached skill level 4 in Spellcasting
  3786 | D:4      | Reached skill level 5 in Conjurations
  3786 | D:4      | Reached skill level 5 in Fire Magic
  3786 | D:4      | Reached XP level 7. HP: 36/36 MP: 4/14
  3926 | D:4      | You add the spells Blink, Manifold Assault and Storm Form
                  | to your library.
  4054 | D:4      | HP: 4/36 [ogre/+0 giant spiked club (29)]
  4449 | D:4      | Reached skill level 6 in Conjurations
  4800 | D:4      | Learned a level 4 spell: Flame Wave
  4843 | D:5      | Entered Level 5 of the Dungeon
  4843 | D:5      | Noticed Duvessa
  4843 | D:5      | Noticed Dowan
  5015 | D:5      | Found a transporter.
  5047 | D:5      | Noticed Sapher's ghost (weakling DEEE)
  5049 | D:5      | Found a transporter.
  5050 | D:5      | Identified the +0 leather armour of Unotolom {*Corrode
                  | rPois rC++ Str+4}
  5074 | D:5      | Reached skill level 6 in Fire Magic
  5288 | D:5      | Found a sand-covered staircase.
  5297 | Ossuary  | Entered an ossuary
  5313 | Ossuary  | HP: 4/36 [elf zombie (6)]
  5314 | Ossuary  | Slain by an elf zombie

Vanquished Creatures
  Grinder (D:4)
  An ogre (D:4)
  A scorpion (D:4)
  A centaur zombie (Ossuary)
  2 jellies
  A hound (D:4)
  2 orc priests
  2 iguanas
  3 orc wizards
  A mummy (Ossuary)
  3 gnolls (D:2)
  3 adders
  2 worms
  10 orcs
  7 endoplasms
  3 giant cockroaches
  6 goblins
  5 hobgoblins
  7 jackals
  A quokka (D:2)
  4 ball pythons
  5 bats
  A frilled lizard (D:1)
  5 kobolds
  7 rats (D:2)
84 creatures vanquished.

Vanquished Creatures (others)
  237 foxfires
  10 plants (D:2)
  13 withered plants (D:2)
260 creatures vanquished.

Grand Total: 344 creatures vanquished

Table legend:
 A = Non-vault XP
 B = Vault XP
 C = Vault XP percentage of total XP
 D = Non-vault monster count
 E = Vault monster count
 F = Vault count percentage of total count
                 A         B        C        D         E       F
            +---------+---------+-------+---------+---------+-------
      Total |     820 |     349 |  29.9 |      81 |       3 |   3.6
            +---------+---------+-------+---------+---------+-------
        D:1 |      20 |       0 |   0.0 |      11 |       0 |   0.0
        D:2 |      98 |       0 |   0.0 |      28 |       0 |   0.0
        D:3 |      99 |       0 |   0.0 |      16 |       0 |   0.0
        D:4 |     419 |     286 |  40.6 |      19 |       1 |   5.0
        D:5 |     184 |       0 |   0.0 |       7 |       0 |   0.0
    Ossuary |       0 |      63 | 100.0 |       0 |       2 | 100.0
            +---------+---------+-------+---------+---------+-------

Illustrated notes

Table legend:
 A = Kills in this place as a percentage of kills in entire the game.
 B = Kills by you in this place as a percentage of kills by you in the entire game.
 C = Kills by friends in this place as a percentage of kills by friends in the entire game.
 D = Other kills in this place as a percentage of other kills in the entire game.
 E = Experience gained in this place as a percentage of experience gained in the entire game.
 F = Experience gained in this place divided by the number of levels of this place that you have seen.
                   A       B       C       D       E      F
               +-------+-------+-------+-------+-------+----------------------
         Total | 100.0 | 100.0 |   N/A |   N/A | 100.0 | 194.8
       Dungeon |  97.6 |  97.6 |   N/A |   N/A |  94.6 | 221.2
       Ossuary |   2.4 |   2.4 |   N/A |   N/A |   5.4 |  63.0
               +-------+-------+-------+-------+-------+----------------------

Table legend: (Time is in decaauts)
 A = Elapsed time spent in this place.
 B = Non-inter-level travel time spent in this place.
 C = Inter-level travel time spent in this place.
 D = Time resting spent in this place.
 E = Time spent auto-exploring this place.
 F = Levels seen in this place.
 G = Mean time per level.
                   A        B        C        D        E       F      G
               +--------+--------+--------+--------+--------+-----+--------+
         Total |   5190 |   4943 |    247 |    309 |   3883 |   6 |  865.0 |
       Dungeon |   5174 |   4927 |    247 |    309 |   3879 |   5 | 1034.8 |
       Ossuary |     16 |     16 |      0 |      0 |      4 |   1 |   16.0 |
               +--------+--------+--------+--------+--------+-----+--------+

Top non-repeatable levels by time:
     D:4: 1658 daAuts
     D:2: 1414 daAuts
     D:3: 1005 daAuts
     D:1: 823 daAuts
     D:5: 273 daAuts
 Ossuary: 16 daAuts
